 Dungeon Sprint DCSS version 0.28.0 (webtiles) character file.

Game seed: 9239817252532108874

5 AmazingTV the Skirmisher (level 1, 0/20 HPs)
             Began as a Minotaur Abyssal Knight on July 28, 2022.
             Was a Believer of Lugonu.
             Splashed by a jelly's acid (5 damage)
             ... in the Dungeon (Sprint IX: "|||||||||||||||||||||||||||||").
             The game lasted 00:01:10 (77 turns).

AmazingTV the Skirmisher (Minotaur Abyssal Knight)    Turns: 77, Time: 00:01:11

Health: 0/20       AC: -4    Str: 17    XL:     1   Next: 66%
Magic:  1/1        EV: 11    Int:  7    God:    Lugonu [**....]
Gold:   0          SH:  0    Dex: 10    Spells: 0/0 levels left

rFire   . . .      SeeInvis .   a - +1 spear {polearm}
rCold   . . .      Faith    .   (no shield)
rNeg    . . .      Spirit   .   b - +0 leather armour
rPois   .          Reflect  .   (helmet restricted)
rElec   .          Harm     .   (no cloak)
rCorr   .          Rampage  .   (no gloves)
Will    .....      NoTele   +   (no boots)
Stlth   +.........              (no amulet)
HPRegen 0.06/turn               (no ring)
MPRegen 0.07/turn               (no ring)

@: corroded
A: horns 2, retaliatory headbutt
a: Renounce Religion, Bend Space


You were in the Dungeon.
You worshipped Lugonu.
Lugonu was pleased with you.
You visited 1 branch


Innate Abilities, Weirdness & Mutations

You have a pair of horns on your head.
You reflexively headbutt those who attack you in melee.


   Skills:
 + Level 4.1 Fighting
 * Level 3.5 Polearms
 + Level 3.0 Armour
 - Level 1.1 Dodging
 + Level 2.3 Invocations


You couldn't memorise any spells.
You didn't know any spells.
Your spell library was empty.

Inventory:

Hand Weapons
 a - a +1 spear (weapon) {polearm}
Armour
 b - a +0 leather armour (worn)
Scrolls
 h - a scroll of blinking {!r}
Potions
 c - a potion of curing {@q1}
 d - a potion of heal wounds {@q2}
 e - a potion of haste {@q3}
 f - 2 potions of magic
 g - a potion of berserk rage {!q}

Dungeon Overview and Level Annotations

Branches:
Dungeon (1/1)

Altars:

▓+▓
▓.▓
▓Z▓
▓O▓
▓h▓
▓s▓
▓J▓
▓@▓
▓.▓
▓.▓
▓.▓
▓)▓
▓)▓
▓.▓
▓.▓
▓.▓


You could see an ogre, a scorpion, a hound, a jelly and a quokka zombie.


Message History

🤖 Initializing magus.rc ... ✅ Successfully initialized magus.rc [v1.9.6] Welcome, AmazingTV the Minotaur Abyssal Knight.
Lugonu says: Spread carnage and corruption!
Press ? for a list of commands and other information.
Found a staircase leading out of the dungeon.
Okay, then.
You open the door.
A kobold, a goblin, 2 ball pythons and an endoplasm come into view.
The kobold shouts!
The goblin shouts!
The ball python hisses angrily.
The endoplasm quivers.
The ball python hisses angrily.
You puncture the endoplasm!
You kill the endoplasm!
Lugonu accepts your kill.
Your Polearms skill increases to level 3!
Your Invocations skill increases to level 2! 😎 HP[+1]
You now have 20 max hp (+1).
Your hp is fully restored (20).
Reach: a) +1 spear {polearm}
Press: ? - help, Dir - move target, f - ball python
Aim: a ball python (about 42% to evade your +1 spear)
You reach to attack!
You hit the ball python.
You kill the ball python!
Lugonu accepts your kill.
You can now bend space around yourself.
Okay, then.
Reach: a) +1 spear {polearm}
Press: ? - help, Dir - move target, f - goblin
Aim: a goblin, wielding a +0 club (about 45% to evade your +1 spear)
You reach to attack!
You closely miss the goblin.
Reach: a) +1 spear {polearm}
Press: ? - help, Dir - move target, f/p - goblin
Aim: a goblin, wielding a +0 club (about 45% to evade your +1 spear)
You reach to attack!
You closely miss the goblin.
Reach: a) +1 spear {polearm}
Press: ? - help, Dir - move target, f/p - goblin
Aim: a goblin, wielding a +0 club (about 45% to evade your +1 spear)
You hit the goblin but do no damage. The goblin closely misses you.
You hit the goblin but do no damage. The goblin barely misses you.
You furiously retaliate!
You headbutt the goblin!
You kill the goblin!
Lugonu accepts your kill.
Your Fighting skill increases to level 4!
The kobold hits you but does no damage.
There is an open door to the Dungeon here.
You see here a +0 club {mace}.
You barely miss the kobold.
The kobold hits you with a +0 dagger. 😕 HP[-2]
You take 2 damage, and now have 18/20 hp.
You hit the kobold. Your headbutt misses the kobold.
Your punch misses the kobold. The kobold barely misses you.
You completely miss the kobold.
The kobold hits you with a +0 dagger. 😕 HP[-2]
You take 2 damage, and now have 16/20 hp.
You hit the kobold.
You kill the kobold!
Lugonu accepts your kill.
You hit the ball python. The ball python misses you. You furiously retaliate!
You headbutt the ball python!
You kill the ball python!
Lugonu accepts your kill.
Your Armour skill increases to level 3!
No target in view!
Things that are here:
a +0 dagger {short}; a ball python corpse; a kobold corpse 😎 HP[+4]
Your hp is fully restored (20).
You open the door.
A quokka zombie, an ogre, a hound, a scorpion and a jelly come into view.
The jelly quivers.
You hit the jelly.
Your hands burn!
The jelly hits you but does no damage. 😕 HP[-1]
You take 1 damage, and now have 19/20 hp.
You puncture the jelly! The acid corrodes you!
Your hands burn!
The jelly closely misses you. You furiously retaliate!
You headbutt the jelly, but do no damage. 😮 HP[-4]
You take 4 damage, and now have 15/20 hp.
You are too injured to fight recklessly!
You hit the jelly.
Your hands burn!
* * * LOW HITPOINT WARNING * * *
The jelly misses you. 😨 HP[-5]
You take 5 damage, and now have 10/20 hp.
MASSIVE DAMAGE!! (PAUSE)
You hit the jelly.
Your hands burn!
* * * LOW HITPOINT WARNING * * *
The jelly closely misses you. 😱 HP[-5]
You take 5 damage, and now have 5/20 hp.
MASSIVE DAMAGE!! (PAUSE)
You hit the jelly but do no damage. The acid corrodes you!
Your hands burn!
You die...

Skill      XL: |  1 |
---------------+----+-----
Polearms       | 3 |  3.5
Invocations    | 2 |  2.3
Fighting       | 4 |  4.1
Armour         | 3 |  3.0
Dodging        | |  1.1

Action                   || total
-------------------------++-------
Melee: Spear             ||    16
Armor: Leather armour    ||     2
Dodge: Dodged            ||     7

Levels and vault maps discovered:
D:        linesprint [early_d, line_temple, items_1, d_10, items_2, lair_1,
          lair_end, items_3, orc_1, orc_end, items_4, d_15, swamp_1, shoals_1,
          snake_1, spider_1, d_20, vaults_1, items_5, swamp_end, shoals_end,
          snake_end, spider_end, vaults_end, d_27, items_6, zot_1, zot_end,
          crypt_end, forest_end, elf_end, slime_end, tomb_end, abyss_end,
          pan_hell_end]

Notes
Turn   | Place    | Note
-------+----------+-------------------------------------------
     0 | D        | AmazingTV the Minotaur Abyssal Knight began the quest for
                  | the Orb.
     0 | D        | Reached XP level 1. HP: 19/19 MP: 1/1
     0 | D        | magus.rc [v1.9.6]
     5 | D        | Reached skill level 3 in Polearms
     5 | D        | Reached skill level 2 in Invocations
     5 | D        | Reached ** piety under Lugonu
    10 | D        | Reached skill level 4 in Fighting
    16 | D        | Reached skill level 3 in Armour
    72 | D        | Noticed an ogre
    72 | D        | Noticed a hound
    72 | D        | Noticed a scorpion
    72 | D        | Noticed a jelly
    76 | D        | HP: 5/20 [acid (5)]
    77 | D        | Splashed by a jelly's acid

Vanquished Creatures
  2 ball pythons (D)
  An endoplasm (D)
  A goblin (D)
  A kobold (D)
5 creatures vanquished.

Table legend:
 A = Non-vault XP
 B = Vault XP
 C = Vault XP percentage of total XP
 D = Non-vault monster count
 E = Vault monster count
 F = Vault count percentage of total count
                 A         B        C        D         E       F
            +---------+---------+-------+---------+---------+-------
      Total |       0 |       8 | 100.0 |       0 |       5 | 100.0
            +---------+---------+-------+---------+---------+-------
          D |       0 |       8 | 100.0 |       0 |       5 | 100.0
            +---------+---------+-------+---------+---------+-------

Illustrated notes

Table legend:
 A = Kills in this place as a percentage of kills in entire the game.
 B = Kills by you in this place as a percentage of kills by you in the entire game.
 C = Kills by friends in this place as a percentage of kills by friends in the entire game.
 D = Other kills in this place as a percentage of other kills in the entire game.
 E = Experience gained in this place as a percentage of experience gained in the entire game.
 F = Experience gained in this place divided by the number of levels of this place that you have seen.
                   A       B       C       D       E      F
               +-------+-------+-------+-------+-------+----------------------
         Total | 100.0 | 100.0 |   N/A |   N/A | 100.0 |   8.0
       Dungeon | 100.0 | 100.0 |   N/A |   N/A | 100.0 |   8.0
               +-------+-------+-------+-------+-------+----------------------

Table legend: (Time is in decaauts)
 A = Elapsed time spent in this place.
 B = Non-inter-level travel time spent in this place.
 C = Inter-level travel time spent in this place.
 D = Time resting spent in this place.
 E = Time spent auto-exploring this place.
 F = Levels seen in this place.
 G = Mean time per level.
                   A        B        C        D        E       F      G
               +--------+--------+--------+--------+--------+-----+--------+
         Total |     76 |     76 |      0 |      0 |     58 |   1 |   76.0 |
       Dungeon |     76 |     76 |      0 |      0 |     58 |   1 |   76.0 |
               +--------+--------+--------+--------+--------+-----+--------+

Top non-repeatable levels by time:
       D: 76 daAuts
